 Dungeon Crawl Stone Soup version 0.20-a0-1124-g2e29d97 (webtiles) character file.

16682 inmateoo the Archer (level 12, -5/72 HPs)
             Began as a Tengu Hunter on May 16, 2017.
             Was a High Priest of Okawaru.
             Slain by a sun demon (17 damage)
             ... summoned by a kobold demonologist
             ... on level 12 of the Dungeon.
             The game lasted 00:24:34 (12113 turns).

inmateoo the Archer (Tengu Hunter)                 Turns: 12113, Time: 00:24:35

Health: -5/72      AC:  4    Str: 14      XL:     12   Next: 40%
Magic:  17/27      EV: 13    Int: 10      God:    Okawaru [*****.]
Gold:   391        SH:  3    Dex: 18 (19) Spells: 16/18 levels left

rFire    . . .     SeeInvis +   U - +3 war axe of Hubris {chop, MP+9 Str+3}
rCold    + . .     Gourm    .   (no shield)
rNeg     . . .     Faith    .   V - +2 chain mail "Zixtazag" {rPois Stlth+}
rPois    +         Spirit   .   r - +1 hat
rElec    .         Reflect  +   R - +0 cloak {+Inv}
rCorr    .         Harm     .   x - +0 pair of gloves
MR       .....     Rnd*Tele +   (boots unavailable)
Stlth    +++.......             v - +3 amulet of reflection
Regen    0.7/turn               M - ring of protection from cold
MPRegen  0.2/turn               u - ring of see invisible

@: heroism, corroded, drained
A: beak, talons 3, yellow scales 1, dopey 1, regeneration 1, teleportitis 1,
weak 1, evolution 1, able to fly 1
a: Fly, Heroism, Finesse, Renounce Religion, Evoke Invisibility


You were on level 12 of the Dungeon.
You worshipped Okawaru.
Okawaru was extremely pleased with you.
You were not hungry.

You visited 1 branch of the dungeon, and saw 12 of its levels.
You also visited: Sewer.

You collected 839 gold pieces.
You spent 448 gold pieces at shops.

Inventory:

Hand Weapons
 a - a +1 shortbow of flaming
 s - a +2 dagger of draining
 B - a +2 dagger of electrocution
 U - the +3 war axe of Hubris (weapon) {chop, MP+9 Str+3}
   (You found it on level 10 of the Dungeon)

   It inflicts extra damage upon your enemies.
   It affects your strength (+3).
   It affects your magic capacity (+9).
Missiles
 d - 218 arrows
Armour
 r - a +1 hat (worn)
 x - a +0 pair of gloves (worn)
 R - a +0 cloak of invisibility (worn)
 S - a scarf of cloud immunity
 V - the +2 chain mail "Zixtazag" (worn) {rPois Stlth+}
   (You bought it in a shop on level 10 of the Dungeon)

   It protects you from poison.
   It makes you more stealthy.
Jewellery
 l - an uncursed ring of flight
 u - a ring of see invisible (right hand)
 v - a +3 amulet of reflection (around neck)
 F - an uncursed ring of wizardry
 G - an uncursed amulet of magic regeneration {unknown}
 M - a ring of protection from cold (left hand)
Wands
 m - a wand of random effects (37/48)
 o - a wand of polymorph (14/24)
 t - a wand of iceblast (3/15)
 y - a wand of flame (15/48)
 C - a wand of polymorph (10/24)
 J - a wand of disintegration (6/24)
 L - a wand of digging (15/24)
 N - a wand of digging (12/24)
 O - a wand of polymorph (10/24)
 P - a wand of flame (14/48)
 T - a wand of lightning (5/15)
 W - a wand of random effects (16/48)
 Y - a wand of confusion (33/48)
Scrolls
 g - a scroll of enchant weapon
 i - 8 scrolls of teleportation
 j - 5 scrolls of remove curse
 k - 3 scrolls of recharging
 E - 3 scrolls of blinking
 I - 3 scrolls of silence
 X - a scroll of summoning
Potions
 b - a potion of might
 c - 5 potions of magic
 e - 2 potions of brilliance
 n - 2 potions of curing
 p - 2 potions of resistance {unknown}
 q - 4 potions of agility
 A - 3 potions of flight
 H - a potion of mutation {unknown}
Books
 D - a book of Maledictions

   Spells                             Type                      Level
   a - Corona                         Hexes                        1
   b - Ensorcelled Hibernation        Hexes/Ice                    2
   c - Confuse                        Hexes                        3
   d - Tukima's Dance                 Hexes                        3
   e - Dazzling Spray                 Conjuration/Hexes            3
Comestibles
 f - 8 bread rations
 h - 8 fruits
 w - 12 royal jellies
 z - 4 meat rations
 K - a chunk of flesh


   Skills:
 + Level 7.3(12.1) Fighting
 - Level 5.7(10.6) Short Blades
 + Level 2.5(7.4) Axes
 * Level 11.6(16.5) Bows
 + Level 7.1(11.9) Armour
 + Level 7.7(12.5) Dodging
 + Level 7.3(12.1) Stealth
 - Level 3.8(3.7) Spellcasting
 - Level 4.1(3.9) Hexes
 * Level 5.4(5.3) Evocations


You had 16 spell levels left.
You knew the following spells:

 Your Spells              Type           Power        Failure   Level  Hunger
a - Ensorcelled Hibernat  Hex/Ice        #.....       91%         2    ###....


Dungeon Overview and Level Annotations

Branches:
Dungeon (12/15)            Temple (0/1) D:6            Lair (0/6) D:10
    Orc (0/2) D:12

Altars:
Hepliaklqana
Kikubaaqudgha
Makhleb
Nemelex Xobeh
Okawaru
Vehumet
Xom

Shops:
D:7 [   D:10 [

Annotations:
D:8 1 runed door, mopl's ghost, novice NaVM


Innate Abilities, Weirdness & Mutations

You have a beak for a mouth.
You have claws for feet.
You can fly.
You are partially covered in yellow scales. (AC +2)
You are dopey. (Int -2)
Your natural rate of healing is unusually fast.
You are occasionally teleported next to monsters.
You are weak. (Str -2)
You evolve.


Message History

The rust devil hits you. The rust devil corrodes you! The quasit bites you.
You feel clumsy. The quasit barely misses you. The quasit closely misses you.
The kobold demonologist hits you with a dagger.
You block the sun demon's attack.
The quasit bites you but does no damage.
The quasit barely misses you. The quasit closely misses you.
Your chain mail "Zixtazag" prevents you from hitting the kobold demonologist.
The kobold demonologist is severely wounded.
You miss the quasit. You hit the sun demon.
You hit the rust devil but do no damage.
You hit the quasit.
You kill the quasit!
The rust devil hits you.
* * * LOW HITPOINT WARNING * * *
The rust devil corrodes you! The quasit misses you.
The quasit closely misses you. The quasit misses you. The sun demon hits you!
* * * LOW HITPOINT WARNING * * *
You are engulfed in flames!
You die...

.......##......#.##8)8##....#...#
......###.........##'##.......###
......###.........#...#.......#
......#.......#...#.>.#.......#
.##'#.#.#.........#...#.......#
..#.#.............#####.......#
..#.#.........#..........##'###
....#........##..............#
.#..#....######4@3....)......#
.........# ..#5K5...........##
........###......>............#
...>....# #((......F..........###
........# #......###'#...........
#....#### #......# #.##........##
#....# #......# #.............
###### #......# #.#.........##
#......# #.#.....#####


You could see a sun demon, a rust devil, a kobold demonologist, a bullfrog, a
quasit and an ufetubus.

Vanquished Creatures
  Snorg (D:12)
  Josephine (D:12)
  Erolcha (D:9)
  3 two-headed ogres
  An unseen horror (D:12)
  An ugly thing (D:11)
  3 cyclopes
  2 manticores
  A komodo dragon (D:12)
  A freezing wraith (D:12)
  A troll (D:9)
  3 hornets
  A hippogriff (D:11)
  A shadow (D:12)
  A water elemental (D:12)
  A yak (D:10)
  3 wraiths (D:12)
  2 wyverns
  2 vampire mosquitoes (D:12)
  An acid dragon (D:12)
  2 soldier ants
  A water moccasin (D:11)
  6 porcupines
  2 ice beasts (D:12)
  4 orc warriors
  5 phantoms
  4 sky beasts
  2 black bears
  An eye of draining (D:10)
  4 centaurs
  An ogre (D:4)
  3 big kobolds
  7 bullfrogs
  3 scorpions
  4 killer bees (D:9)
  9 wights
  An electric eel (D:12)
  3 howler monkeys (D:11)
  6 crimson imps
  A quasit (D:6)
  4 hounds
  2 centaur skeletons
  7 orc priests
  2 jellies
  Ijyb (D:5)
  3 bullfrog skeletons
  2 iguanas
  8 worker ants
  12 orc wizards
  3 hound skeletons
  17 adders
  10 gnolls
  6 river rats
  3 shadow imps
  5 worms
  A dart slug (D:3)
  5 leopard geckos
  60 orcs
  7 bats
  7 giant cockroaches
  8 goblins
  3 hobgoblins
  12 jackals
  12 kobolds
  2 quokkas (D:11)
  2 frilled lizards
  A jackal zombie (D:8)
  A quokka skeleton (D:6)
  15 rats
321 creatures vanquished.

Vanquished Creatures (others)
  A human (D:5)
  8 fungi (D:10)
  A plant (D:10)
10 creatures vanquished.

Grand Total: 331 creatures vanquished

Notes
Turn   | Place    | Note
-------+----------+-------------------------------------------
     0 | D:1      | inmateoo the Tengu Hunter began the quest for the Orb.
     0 | D:1      | Reached XP level 1. HP: 12/12 MP: 2/2
   225 | D:1      | Reached XP level 2. HP: 17/17 MP: 3/3
   960 | D:2      | Reached XP level 3. HP: 18/22 MP: 4/4
  1199 | D:2      | Reached skill level 5 in Bows
  1271 | D:2      | Found a shimmering altar of Xom.
  1312 | D:2      | Reached XP level 4. HP: 19/27 MP: 5/5
  1443 | D:2      | You fall through a shaft!
  1811 | D:3      | Gained mutation: You can fly. [Tengu growth]
  1811 | D:3      | Reached XP level 5. HP: 29/31 MP: 6/6
  2349 | D:4      | Noticed an ogre
  2413 | D:4      | Reached skill level 1 in Armour
  3049 | D:4      | Killed an ogre
  3049 | D:4      | Reached skill level 1 in Short Blades
  3049 | D:4      | Reached skill level 6 in Bows
  3049 | D:4      | Reached XP level 6. HP: 10/36 MP: 3/7
  3071 | D:5      | Entered Level 5 of the Dungeon
  3696 | D:5      | Noticed Ijyb
  3716 | D:5      | Killed Ijyb
  3918 | D:5      | Noticed a sky beast
  3932 | D:5      | Killed a sky beast
  3932 | D:5      | Reached XP level 7. HP: 41/41 MP: 8/8
  4014 | D:5      | Found a radiant altar of Vehumet.
  4285 | D:5      | Found an ancient bone altar of Kikubaaqudgha.
  4286 | D:5      | Noticed a human
  4289 | D:5      | Killed a human
  4369 | D:6      | Found an iron altar of Okawaru.
  4375 | D:6      | Became a worshipper of Warmaster Okawaru
  4532 | D:6      | Reached skill level 7 in Bows
  4655 | D:6      | Found a glowing drain.
  4672 | Sewer    | Entered a sewer
  4956 | Sewer    | Found a white marble altar of Elyvilon.
  5103 | D:6      | Reached * piety under Okawaru
  5103 | D:6      | Reached XP level 8. HP: 36/48 MP: 9/9
  5121 | D:6      | Found a staircase to the Ecumenical Temple.
  5445 | D:6      | Reached skill level 8 in Bows
  5460 | D:6      | Learned a level 2 spell: Ensorcelled Hibernation
  5994 | D:7      | Found Ohagrat's Armour Shop.
  6013 | D:7      | Reached skill level 1 in Spellcasting
  6022 | D:7      | Gained mutation: You are agile. (Dex +2) [mutagenic meat]
  6023 | D:7      | Gained mutation: Your natural rate of healing is unusually fast. [mutagenic meat]
  6024 | D:7      | Gained mutation: You are robust. (+10% HP) [mutagenic meat]
  6025 | D:7      | Gained mutation: You evolve. [mutagenic meat]
  6026 | D:7      | Lost mutation: You are agile. (Dex +2) [mutagenic meat]
  6083 | D:7      | Bought a +0 pair of gloves for 49 gold pieces
  6149 | D:7      | Reached skill level 1 in Hexes
  6204 | D:7      | Reached ** piety under Okawaru
  6418 | D:7      | Found a hazy altar of Hepliaklqana.
  6502 | D:7      | Reached XP level 9. HP: 55/58 MP: 11/11
  7066 | D:8      | Noticed mopl's ghost (novice NaVM)
  7107 | D:7      | Reached skill level 5 in Fighting
  7294 | D:8      | Noticed a two-headed ogre
  7312 | D:8      | Killed a two-headed ogre
  7312 | D:8      | Reached *** piety under Okawaru
  7312 | D:8      | Reached skill level 9 in Bows
  7312 | D:8      | Reached skill level 5 in Dodging
  7360 | D:8      | Found a burning altar of Makhleb.
  7655 | D:8      | Found a runed door.
  7655 | D:8      | Noticed a frost giant
  7655 | D:8      | Noticed a fire giant
  7657 | D:8      | Noticed a deep elf archer
  7657 | D:8      | Noticed a hornet
  7658 | D:8      | Noticed a mana viper
  7658 | D:8      | a hippogriff changed into a mana viper
  7918 | D:9      | Noticed a hornet
  7919 | D:9      | Killed a hornet
  8093 | D:9      | Received a gift from Okawaru
  8093 | D:9      | Reached skill level 5 in Stealth
  8175 | D:9      | Noticed a troll
  8177 | D:9      | Killed a troll
  8177 | D:9      | Reached XP level 10. HP: 64/64 MP: 14/14
  8198 | D:9      | Noticed Erolcha
  8237 | D:9      | Noticed a cyclops
  8320 | D:9      | Killed a cyclops
  8479 | D:9      | HP: 3/66 [Erolcha/giant spiked club (11)]
  8511 | D:9      | Paralysed by Erolcha for 3 turns
  8866 | D:9      | Killed Erolcha
  8866 | D:9      | Reached **** piety under Okawaru
  8866 | D:9      | Reached skill level 5 in Armour
  9046 | D:9      | Reached skill level 5 in Short Blades
  9114 | D:10     | Entered Level 10 of the Dungeon
  9134 | D:10     | Found a staircase to the Lair.
  9166 | D:10     | Paralysed by a hornet for 1 turns
  9205 | D:10     | Reached skill level 10 in Bows
  9317 | D:10     | Noticed Maurice
  9320 | D:10     | Noticed Maurice
  9320 | D:10     | Maurice changed into Maurice the wyvern
  9333 | D:10     | Killed Maurice the wyvern
  9410 | D:10     | Reached XP level 11. HP: 65/70 MP: 17/17
  9461 | D:10     | Reached ***** piety under Okawaru
  9510 | D:10     | Found Hutsaq's Armour Emporium.
  9534 | D:10     | Got a faintly glowing war axe
  9535 | D:10     | Identified the +3 war axe of Hubris {chop, MP+9 Str+3} (You found it on level 10 of the Dungeon)
  9555 | D:10     | Bought the +2 chain mail "Zixtazag" {rPois Stlth+} for 399 gold pieces
  9605 | D:10     | Reached skill level 1 in Evocations
  9761 | D:10     | Noticed a two-headed ogre
  9769 | D:10     | Killed a two-headed ogre
  9769 | D:10     | Received a gift from Okawaru
  9919 | D:11     | Noticed a cyclops
  9920 | D:11     | Noticed a manticore
  9939 | D:11     | Killed a cyclops
  9967 | D:11     | Killed a manticore
  9967 | D:11     | Received a gift from Okawaru
 10469 | D:11     | Received a gift from Okawaru
 10698 | D:11     | Noticed a red ugly thing
 10712 | D:11     | Killed a red ugly thing
 10967 | D:12     | Reached skill level 11 in Bows
 10974 | D:12     | Lost mutation: You are robust. (+10% HP) [mutagenic meat]
 10983 | D:12     | Found a sparkling altar of Nemelex Xobeh.
 10997 | D:12     | Noticed a manticore
 11013 | D:12     | Killed a manticore
 11013 | D:12     | Reached skill level 1 in Axes
 11097 | D:12     | Noticed Snorg
 11118 | D:12     | Killed Snorg
 11126 | D:12     | Noticed Josephine
 11143 | D:12     | Noticed a cyclops
 11156 | D:11     | Killed a cyclops
 11291 | D:12     | Noticed a two-headed ogre
 11301 | D:12     | Killed a two-headed ogre
 11301 | D:12     | Reached XP level 12. HP: 48/72 MP: 18/18
 11420 | D:12     | Found a staircase to the Orcish Mines.
 11486 | D:12     | Gained mutation: You are occasionally teleported next to monsters. [evolution]
 11631 | D:12     | Reached skill level 5 in Evocations
 11888 | D:12     | Gained mutation: You are dopey. (Int -2) [mutagenic meat]
 11912 | D:12     | Gained mutation: You are partially covered in yellow scales. (AC +2) [mutagenic meat]
 11913 | D:12     | Gained mutation: You are weak. (Str -2) [mutagenic meat]
 11949 | D:12     | Killed Josephine
 11978 | D:12     | Received a gift from Okawaru
 12108 | D:12     | Noticed a sun demon
 12113 | D:12     | Slain by a sun demon

Vault maps used:
D:1:      minmay_arrival_five_plusses
D:2:      nicolae_overflow_hidden_temple
D:3:      first_bread
D:4:      kennysheep_generic_room_7
D:5:      basic_altar, tgw_kikubaaqudgha, uniq_ijyb
D:6:      minmay_temple_entry_glass, lightli_sewer_entry_pipes, st_stairs_8,
          okawaru_trees_1
D:7:      serial_shops, shop, basic_altar
D:8:      minmay_gate_of_8, makhleb_grotto_becter
D:9:      hangedman_pestilent_swarm, minmay_misc_feat_plants, uniq_erolcha
D:10:     due_lair_maze_entry_diamond, serial_shops, shop, uniq_maurice
D:12:     hiddenorc1_lemuel, basic_altar, grunt_decor_arrowhead, uniq_josephine,
          uniq_snorg
Sewer:    sewer_kobolds

Skill      XL: |  1  2  3  4  5  6  7  8  9 10 11 12 |
---------------+-------------------------------------+-----
Bows           | 5 6 7 8 9 10 11 | 11.6
Stealth        | 2 3 4 5 6 7 |  7.3
Armour         | 1 2 3 4 5 6 7 |  7.1
Dodging        | 3 4 5 6 7 |  7.7
Short Blades   | 1 2 3 4 5 |  5.7
Fighting       | 3 4 5 6 7 |  7.3
Spellcasting   | 1 2 3 |  3.8
Hexes          | 1 2 4 |  4.1
Evocations     | 4 5 |  5.4
Axes           | 1 2 |  2.5

Action                   |  1- 3 |  4- 6 |  7- 9 | 10-12 || total
-------------------------+-------+-------+-------+-------++-------
Melee: Short sword       |    71 |       |       |       ||    71
       Kick              |    14 |    50 |   158 |   174 ||   396
       Peck              |     7 |    35 |    81 |   107 ||   230
       Dagger            |    14 |   181 |   490 |   583 ||  1268
       Punch             |       |       |       |     4 ||     4
       War axe           |       |       |       |     5 ||     5
 Fire: Shortbow          |     4 |     4 |   106 |   191 ||   305
 Cast: Ensorcelled Hiber |       |       |     3 |       ||     3
Invok: Heroism           |       |       |     1 |    19 ||    20
 Abil: Fly               |       |     4 |     7 |    10 ||    21
       Evoke Invisibilit |       |       |       |     4 ||     4
Evoke: Wand              |       |       |       |    17 ||    17
  Use: Scroll            |       |    12 |     6 |     8 ||    26
       Potion            |       |       |       |    11 ||    11
 Stab: Sleeping          |     2 |       |     5 |     6 ||    13
       Distracted        |       |       |     1 |     1 ||     2
       Invisible         |       |       |       |    10 ||    10
  Eat: Chunk             |     1 |     9 |    17 |    18 ||    45
       Fruit             |       |       |     2 |       ||     2
       Royal jelly       |       |       |     1 |     1 ||     2
Armor: Leather armour    |     9 |       |       |       ||     9
       Scale mail        |    27 |    61 |   169 |    41 ||   298
       Skin              |       |       |       |    57 ||    57
       Chain mail        |       |       |       |   142 ||   142
Dodge: Dodged            |    45 |    80 |   239 |   249 ||   613
Block: Other             |       |    18 |    43 |    63 ||   124
       Reflection        |       |       |     1 |     2 ||     3
